 Dungeon Crawl Stone Soup version 0.30-a0-1112-gfb780f5df6 (webtiles) character file.

Game seed: 4352246133302728837

934 Orangeyouglad the Poker (level 8, -4/61 HPs)
             Began as a Human Reaver on Apr 20, 2023.
             Was a Follower of Zin.
             Slain by a killer bee (7 damage)
             ... on level 5 of the Dungeon.
             The game lasted 00:11:48 (4907 turns).

Orangeyouglad the Poker (Human Reaver)              Turns: 4907, Time: 00:11:48

Health: -4/61      AC:  4    Str: 13 (14) XL:     8   Next: 33%
Magic:  11/11      EV: 12    Int: 14 (15) God:    Zin [*.....]
Gold:   149        SH:  0    Dex: 11      Spells: 5/11 levels left

rFire   . . .      SeeInvis .    a - +0 spear
rCold   . . .      Faith    .    (no shield)
rNeg    . . .      Spirit   .    b - +0 leather armour
rPois   .          Reflect  .    g - +0 helmet
rElec   .          Rampage  .    (no cloak)
rCorr   .                        (no gloves)
Will    .....                    (no boots)
Stlth   +                        (no amulet)
HPRegen 0.30/turn                (no ring)
MPRegen 0.12/turn                (no ring)

@: lethally poisoned (-4 -> -13), about to teleport
A: no striking features
a: Renounce Religion, Recite, Donate Gold


You were on level 5 of the Dungeon.
You worshipped Zin.
Zin was aware of your devotion.
You visited 1 branch of the dungeon, and saw 5 of its levels.

You collected 165 gold pieces.
You donated 16 gold pieces to Zin.

Inventory:

Hand Weapons
 a - a +0 spear (weapon)
Armour
 b - a +0 leather armour (worn)
 g - a +0 helmet (worn)
 t - a +4 chain mail of cold resistance
Scrolls
 c - 2 scrolls of brand weapon
 d - 2 scrolls of magic mapping {unknown}
 e - a scroll of vulnerability {unknown}
 f - a scroll of silence {unknown}
 i - a scroll of teleportation
 k - a scroll of noise {unknown}
 l - a scroll of fear {unknown}
 n - 2 scrolls of identify
 p - 3 scrolls of fog
 r - a scroll of amnesia {unknown}
Potions
 m - a potion of resistance {unknown}
 o - a potion of berserk rage {unknown}
 q - 2 potions of haste {unknown}
 u - a potion of might {unknown}
 v - a potion of flight {unknown}


   Skills:
 + Level 4.4 Fighting
 + Level 5.0 Polearms
 + Level 4.3 Dodging
 - Level 2.2 Spellcasting
 - Level 4.5 Conjurations
 + Level 3.5 Translocations
 + Level 1.7 Ice Magic


You had 5 spell levels left.
You knew the following spells:

 Your Spells              Type           Power      Damage    Failure   Level
a - Kiss of Death         Conj/Necr      28%        2d7       12%         1
b - Momentum Strike       Conj/Tloc      24%        3d8       9%          2
c - Hailstorm             Conj/Ice       10%        3d5       24%         3

Your spell library contained the following spells:

 Spells                   Type           Power      Damage    Failure   Level


Dungeon Overview and Level Annotations

Branches:
Dungeon (5/15)
 Temple: D:4-7

Altars:
Vehumet
Yredelemnul
Zin

Shops:
D:2 (   D:3 (   D:5 :


Message History

Found an escape hatch in the ceiling.
Found a whip.
You pay a tithe of 1 gold.
You now have 149 gold pieces (gained 14).
The killer bee buzzes angrily. x2; You hear a shout!
An adder comes into view.
You hear a shout!
You swap places.
You hear a shout! x2
Your black bear bites the adder!
Your black bear claws the adder.
Your black bear completely misses the adder.
You hear a bark!
You hear an angry buzzing noise.
Your scorpion closely misses the adder.
The adder barely misses your black bear.
You aren't carrying any items that you can evoke.
Unknown command.
Your black bear dissolves into shadows!
The adder bites your scorpion.
Your scorpion closely misses the adder.
Okay, then.
You aren't carrying any items that you can evoke.
Reach: a) +0 spear
Press: ? - help, Dir - move target, f - killer bee
Aim: a killer bee (about 64% to evade your +0 spear)
You reach to attack!
You hit the killer bee.
The killer bee is moderately wounded.
Your scorpion dissolves into shadows!
The killer bee stings you.
* * * LOW HITPOINT WARNING * * *
Reach: a) +0 spear
Press: ? - help, Dir - move target, f/p - killer bee
Aim: a killer bee (moderately wounded, about 64% to evade your +0 spear)
Okay, then.
As you read the scroll of teleportation, it crumbles to dust.
You feel strangely unstable.
The adder hisses angrily.
The killer bee closely misses you. The killer bee stings you.
* * * LOW HITPOINT WARNING * * *
You are lethally poisoned!
The killer bee poisons you! The killer bee stings you!
You die...

....... ......∩ ........
...##.... ###...##....
#.....+..... # # ######
##.....#...$.
....#.#.y..###......#.....
#)y.....y@.....##...#####†
#.....<.S......##...####..
....##....##..............
... ###+###...##.........
.. #...##.........
...(........##..
..............####
........##.....#
........########


You could see 3 killer bees and an adder.

Vanquished Creatures
  A wyvern (D:5)
  2 black bears
  A phantom (D:4)
  2 scorpions (D:4)
  A jelly (D:4)
  An orc priest (D:4)
  A hound (D:4)
  Jessica (D:2)
  Ijyb (D:3)
  2 iguanas (D:4)
  5 adders
  An ufetubus (D:4)
  A worm (D:3)
  3 dart slugs
  5 orcs
  7 ball pythons
  11 endoplasms
  3 giant cockroaches
  13 goblins
  13 hobgoblins
  A quokka (D:4)
  6 bats
  A frilled lizard (D:2)
  10 kobolds
  3 rats
96 creatures vanquished.

Vanquished Creatures (collateral kills)
  A hound (D:5)
  An orc wizard (D:5)
  An adder (D:5)
  2 orcs (D:5)
5 creatures vanquished.

Grand Total: 101 creatures vanquished

Notes
Turn   | Place    | Note
-------+----------+-------------------------------------------
     0 | D:1      | Orangeyouglad the Human Reaver began the quest for the Orb.
     0 | D:1      | Reached XP level 1. HP: 16/16 MP: 3/3
   192 | D:1      | Reached XP level 2. HP: 18/22 MP: 5/5
   394 | D:1      | Reached XP level 3. HP: 23/27 MP: 6/6
   858 | D:1      | Learned a level 2 spell: Momentum Strike
  1007 | D:2      | Found Jipnul's Antique Weapon Boutique.
  1048 | D:2      | Reached XP level 4. HP: 34/34 MP: 7/7
  1481 | D:2      | Noticed Jessica
  1495 | D:2      | Killed Jessica
  1496 | D:2      | Reached skill level 1 in Translocations
  1496 | D:2      | Reached XP level 5. HP: 19/39 MP: 1/8
  1811 | D:2      | Learned a level 3 spell: Hailstorm
  1861 | D:3      | Found Amirim's Antique Weapon Shop.
  2286 | D:3      | Noticed Ijyb
  2308 | D:3      | Killed Ijyb
  2740 | D:3      | Found a basalt altar of Yredelemnul.
  3103 | D:4      | Noticed a phantom
  3111 | D:4      | Killed a phantom
  3112 | D:4      | Reached XP level 6. HP: 42/47 MP: 6/9
  3179 | D:4      | Reached skill level 4 in Polearms
  3180 | D:4      | HP: 2/46 [poisoned by a scorpion]
  3279 | D:4      | Noticed a black bear
  3470 | D:4      | Found a radiant altar of Vehumet.
  3634 | D:4      | Reached XP level 7. HP: 52/52 MP: 10/10
  3953 | D:4      | Found a glowing silver altar of Zin.
  3953 | D:4      | Noticed an angel
  4060 | D:4      | Became a worshipper of Zin the Law-Giver
  4060 | D:4      | Reached * piety under Zin
  4589 | D:5      | Entered Level 5 of the Dungeon
  4675 | D:5      | Noticed a wyvern
  4678 | D:5      | Found Laerafuw's Book Shoppe.
  4704 | D:4      | Reached skill level 1 in Ice Magic
  4704 | D:4      | Reached XP level 8. HP: 34/60 MP: 4/11
  4868 | D:5      | Killed a wyvern
  4883 | D:5      | Reached skill level 5 in Polearms
  4907 | D:5      | HP: 3/61 [killer bee (6)]
  4907 | D:5      | Slain by a killer bee

Illustrated notes

Levels and vault maps discovered:
D:1:      dpeg_arrival_shelter, layout_basic, minmay_pentomino_u4
D:2:      layout_basic, serial_shops, nicolae_shop_just_a_little_nook,
          uniq_jessica
D:3:      layout_loops_corners, mainiacjoe_overflow_alcove_4, serial_shops,
          shop, serial_bayou_pond_e, dk_vineyard_2, uniq_ijyb
D:4:      layout_loops_cross, zin_angel, vehumet_crystals, serial_rivers,
          chequers_serial_rivers_room_b, chequers_serial_rivers_micro_d,
          chequers_serial_rivers_micro_a, chequers_serial_rivers_micro_c,
          minmay_between
D:5:      layout_gridville, minmay_temple_entry_glassed_door,
          gup_sewer_entry_bubbles, serial_shops, shop,
          chequers_serial_rivers_micro_b, kennysheep_generic_room_2

Skill      XL: |  1  2  3  4  5  6  7  8 |
---------------+-------------------------+-----
Translocations | 1 2 3 |  3.5
Fighting       | 3 4 |  4.4
Dodging        | 3 4 |  4.3
Polearms       | 4 5 |  5.0
Conjurations   | 4 |  4.5
Ice Magic      | 1 |  1.7
Spellcasting   | |  2.2

Action                     |  1- 3 |  4- 6 |  7- 9 || total
---------------------------+-------+-------+-------++-------
  Melee: Spear             |   128 |   180 |    55 ||   363
         Punch             |       |     1 |       ||     1
   Cast: Momentum Strike   |     2 |    12 |    13 ||    27
         Kiss of Death     |       |     2 |     1 ||     3
 Invoke: Recite            |       |       |     1 ||     1
  Evoke: Wand              |       |     6 |     3 ||     9
    Use: Scroll            |       |     2 |     6 ||     8
         Potion            |       |     2 |     1 ||     3
   Stab: Sleeping          |     1 |       |       ||     1
 Armour: Leather armour    |    30 |    44 |    13 ||    87
  Dodge: Dodged            |    60 |    69 |    43 ||   172

Table legend: (Time is in decaauts)
 A = Elapsed time spent in this place.
 B = Non-inter-level travel time spent in this place.
 C = Inter-level travel time spent in this place.
 D = Time resting spent in this place.
 E = Time spent auto-exploring this place.
 F = Levels seen in this place.
 G = Mean time per level.
                   A        B        C        D        E       F      G
               +--------+--------+--------+--------+--------+-----+--------+
         Total |   4882 |   4657 |    225 |    824 |   2935 |   5 |  976.4 |
       Dungeon |   4882 |   4657 |    225 |    824 |   2935 |   5 |  976.4 |
               +--------+--------+--------+--------+--------+-----+--------+

Top non-repeatable levels by time:
     D:4: 1645 daAuts
     D:3: 1243 daAuts
     D:2: 980 daAuts
     D:1: 855 daAuts
     D:5: 157 daAuts
